 Dungeon Crawl Stone Soup version 0.26.0-45-g9c1d065592 (webtiles) character file.

Game seed: 10904188818593176389

18139 BOMJPIETVODKU the Blocker (level 12, -12/97 HPs)
             Began as a Gnoll Fighter on Jan 29, 2021.
             Was an Initiate of Gozag.
             Mangled by a very large slime creature (32 damage)
             ... on level 12 of the Dungeon.
             The game lasted 00:51:52 (17789 turns).

BOMJPIETVODKU the Blocker (Gnoll Fighter)          Turns: 17789, Time: 00:51:53

Health: -12/97     AC: 20    Str: 28    XL:     12   Next: 55%
Magic:  0/23       EV: 12    Int: 16    God:    Gozag
Gold:   274        SH: 13    Dex: 14    Spells: 23/25 levels left

rFire    + + .     SeeInvis .   R - +7 flail of Attainder {vorpal, rF++ rN+}
rCold    . . .     Faith    .   c - +0 kite shield
rNeg     + . .     Spirit   +   b - +3 chain mail of Buel Jot {Stlth+}
rPois    .         Reflect  .   K - +2 helmet
rElec    .         Harm     .   P - scarf {+Inv}
rCorr    .         Rampage  .   z - +0 pair of gloves
Will     +....                  X - +0 pair of boots of Brilliance {Int+3}
Stlth    ++........             q - amulet of guardian spirit
HPRegen  0.26/turn              B - +6 ring of strength
MPRegen  0.18/turn              p - ring of willpower

@: no status effects
A: distributed training, fangs 1, strong nose
a: Renounce Religion, Evoke Invisibility, Potion Petition, Call Merchant, Bribe
Branch


You were on level 12 of the Dungeon.
You worshipped Gozag.
Gozag was aware of your devotion.
You visited 2 branches of the dungeon, and saw 14 of its levels.
You also visited: Sewer.

You collected 2251 gold pieces.
You spent 1302 gold pieces at shops.
You paid 675 gold pieces to Gozag.

Inventory:

Hand Weapons
 v - a +2 antimagic short sword
 G - a +0 dire flail of protection
 R - the +7 flail of Attainder (weapon) {vorpal, rF++ rN+}
   (You found it on level 9 of the Dungeon)

   It inflicts extra damage upon your enemies.
   It greatly protects you from fire.
   It protects you from negative energy.
Missiles
 y - 9 javelins
 H - 21 poisoned darts (quivered)
Armour
 b - the +3 chain mail of Buel Jot (worn) {Stlth+}
   (You found it on level 11 of the Dungeon)

   It makes you more stealthy.
 c - a +0 kite shield (worn)
 z - a +0 pair of gloves (worn)
 K - a +2 helmet (worn)
 L - the +0 pair of boots of Patterns {rF- rN++}
   (You bought it in a shop on level 12 of the Dungeon)

   It makes you vulnerable to fire.
   It greatly protects you from negative energy.
 P - a scarf of invisibility (worn)
 X - the +0 pair of boots of Brilliance (worn) {Int+3}
   (You bought it in a shop on level 12 of the Dungeon)

   It affects your intelligence (+3).
Jewellery
 a - a +6 ring of strength
 f - a +6 ring of intelligence
 n - an uncursed ring of magical power
 p - a ring of willpower (right hand)
 q - an amulet of guardian spirit (around neck)
 r - an uncursed amulet of magic regeneration
 B - a +6 ring of strength (left hand)
 E - an uncursed ring of fire
 N - an uncursed ring of stealth
 T - an uncursed ring of willpower
Wands
 h - a wand of polymorph (9)
 m - a wand of enslavement (6)
 u - a wand of digging (3)
 Q - a wand of flame (11)
 U - a wand of acid (1)
 V - a wand of random effects (42)
Scrolls
 e - a scroll of identify
 i - 2 scrolls of teleportation
 t - 4 scrolls of magic mapping
 w - 3 scrolls of enchant armour
 x - 10 scrolls of fog
 C - 7 scrolls of remove curse
 D - a scroll of immolation
 F - 2 scrolls of fear
 I - a scroll of enchant weapon
 W - 3 scrolls of blinking
Potions
 d - 8 potions of might
 g - 3 potions of brilliance
 j - a potion of heal wounds
 k - a potion of mutation {unknown}
 l - 3 potions of magic
 o - 4 potions of degeneration
 s - 2 potions of ambrosia {unknown}
 A - 5 potions of curing
 J - a potion of lignification {unknown}
 M - a potion of cancellation {unknown}
 O - a potion of haste
 S - a potion of berserk rage {unknown}


   Skills:
 + Level 9.9 Fighting
 + Level 7.4 Short Blades
 + Level 8.8 Long Blades
 + Level 7.4 Axes
 + Level 7.4 Maces & Flails
 + Level 7.4 Polearms
 + Level 7.4 Staves
 + Level 7.4 Slings
 + Level 7.4 Bows
 + Level 7.4 Crossbows
 + Level 7.4 Throwing
 + Level 9.9 Armour
 + Level 7.4 Dodging
 + Level 7.4 Stealth
 + Level 9.9 Shields
 + Level 7.4 Unarmed Combat
 + Level 7.4 Spellcasting
 + Level 6.1 Conjurations
 + Level 6.1 Hexes
 + Level 6.1 Summonings
 + Level 6.1 Necromancy
 + Level 6.1 Translocations
 + Level 6.1 Transmutations
 + Level 6.1 Fire Magic
 + Level 6.1 Ice Magic
 + Level 6.1 Air Magic
 + Level 6.1 Earth Magic
 + Level 6.1 Poison Magic
 + Level 8.1 Invocations
 + Level 7.4 Evocations


You had 23 spell levels left.
You knew the following spells:

 Your Spells              Type           Power        Failure   Level
a - Blink                 Tloc           N/A          12%         2

Your spell library contained the following spells:

 Spells                   Type           Power        Failure   Level
 Gell's Gravitas          Tloc           12%          24%         3
 Lesser Beckoning         Tloc           12%          24%         3
 Teleport Other           Tloc           25%          24%         3
 Cause Fear               Hex            12%          61%         4
 Passage of Golubria      Tloc           N/A          61%         4
 Silence                  Hex/Air        12%          91%         5
 Yara's Violent Unravell  Hex/Tmut       12%          91%         5
 Discord                  Hex            12%          100%        8


Dungeon Overview and Level Annotations

Branches:
Dungeon (13/15)            Temple (1/1) D:4            Lair (0/6) D:10
    Orc (0/2) D:10          Sewer (visited)
 Vaults: D:13-14

Altars:
Ashenzari
Cheibriados
Dithmenos
Elyvilon
Fedhas
Gozag
Hepliaklqana
Kikubaaqudgha
Makhleb
Nemelex Xobeh
Okawaru
Qazlal
Ru
Sif Muna
Trog
Uskayaw
Vehumet
Wu Jian
Xom
Yredelemnul
Zin
The Shining One
Lugonu

Shops:
D:5 [   D:7 *   D:12 [

Portals:
Trove: D:10 (give +4 storm dragon scales)


Innate Abilities, Weirdness & Mutations

Your experience applies equally to all skills.
You have very sharp teeth.
Your uncanny sense of smell can sniff out nearby items.


Message History

The very large slime creature is severely wounded.
The very large slime creature completely misses you.
You hit the very large slime creature.
You bite the very large slime creature, but do no damage.
The very large slime creature is severely wounded.
The very large slime creature closely misses you.
The very large slime creature hits you!
You bludgeon the very large slime creature!!
The very large slime creature is almost dead.
The very large slime creature hits you!!!
* * * LOW HITPOINT WARNING * * *
You hit the very large slime creature.
The very large slime creature is almost dead.
You block the very large slime creature's attack.
You see here a +0 club.
Things that are here:
a +0 leather armour; a cursed +0 mace The very large slime creature hits you!!!
You die...
Your body crumbles into a pile of gold.

...###.#####...#.........# #.#
...###.#####...#.........# #.#
...##..).................# #.#
...##..#####...###[####### #.#
...##..#................# #.#
...##..#.#########......# #.#
.#.##..#.#<.............#####.##
.......#.########J.............#
.#.....#........@.......#####..#
.....#.###########......# #..#
........................# #..#
.....#.###########......# #..#
...(.#.# #......# #..# ..(..#.#
######## #..# ..)..#.# #..#
(....#.# #..# ##..##.# #..#


You could see a very large slime creature.

Vanquished Creatures
  Snorg (D:11)
  A boulder beetle (D:11)
  3 two-headed ogres
  A wizard (D:12)
  5 ugly things
  An oklob plant (D:10)
  Psyche (D:11)
  2 gargoyles
  A komodo dragon (D:12)
  A troll (D:9)
  Prince Ribbit (D:7)
  2 slime creatures (D:13)
  3 shadows
  A spriggan (D:5)
  4 wraiths
  3 yaks (D:11)
  Edmund (D:6)
  2 soldier ants
  4 sky beasts
  6 orc warriors
  3 phantoms
  5 black bears
  3 eyes of draining (D:3)
  4 ice beasts
  4 ogres
  A necrophage (D:11)
  8 centaurs
  A big kobold (D:12)
  5 bullfrogs
  5 scorpions
  34 killer bees
  8 wights
  A howler monkey (D:9)
  2 centaur zombies
  A crimson imp (D:12)
  6 jellies
  A quasit (D:9)
  Crazy Yiuf (D:6)
  9 hounds
  2 bullfrog skeletons
  6 orc priests
  3 centaur skeletons
  5 iguanas
  Ijyb (D:3)
  Terence (D:3)
  7 worker ants
  7 orc wizards
  2 hound skeletons (D:4)
  Robin (D:2)
  A howler monkey zombie (D:9)
  3 worker ant zombies
  5 gnolls
  20 adders
  2 howler monkey skeletons
  2 river rats (Sewer)
  A shadow imp (D:10)
  2 white imps
  8 worms
  A dart slug (D:3)
  8 leopard geckos
  37 orcs
  13 ball pythons
  3 giant cockroaches
  23 goblins
  14 hobgoblins
  9 jackals
  2 quokkas
  4 bats
  7 frilled lizards
  13 kobolds
  A leopard gecko skeleton (D:5)
  A quokka skeleton (D:7)
  37 rats
398 creatures vanquished.

Vanquished Creatures (others)
  5 fungi (D:5)
  5 plants
10 creatures vanquished.

Grand Total: 408 creatures vanquished

Notes
Turn   | Place    | Note
-------+----------+-------------------------------------------
     0 | D:1      | BOMJPIETVODKU the Gnoll Fighter began the quest for the
                  | Orb.
     0 | D:1      | Reached XP level 1. HP: 23/23 MP: 1/1
   248 | D:1      | Reached XP level 2. HP: 29/29 MP: 2/2
   632 | D:2      | Reached XP level 3. HP: 28/35 MP: 2/4
   729 | D:2      | Reached skill level 1 in Invocations
   940 | D:2      | Reached skill level 1 in Short Blades
   940 | D:2      | Reached skill level 1 in Axes
   940 | D:2      | Reached skill level 1 in Maces & Flails
   940 | D:2      | Reached skill level 1 in Polearms
   940 | D:2      | Reached skill level 1 in Staves
   940 | D:2      | Reached skill level 1 in Slings
   940 | D:2      | Reached skill level 1 in Bows
   940 | D:2      | Reached skill level 1 in Crossbows
   940 | D:2      | Reached skill level 1 in Throwing
   940 | D:2      | Reached skill level 1 in Dodging
   940 | D:2      | Reached skill level 1 in Stealth
   940 | D:2      | Reached skill level 1 in Unarmed Combat
   940 | D:2      | Reached skill level 1 in Spellcasting
   940 | D:2      | Reached skill level 1 in Evocations
  1031 | D:2      | Reached XP level 4. HP: 24/41 MP: 5/5
  1235 | D:2      | Reached skill level 1 in Conjurations
  1235 | D:2      | Reached skill level 1 in Hexes
  1235 | D:2      | Reached skill level 1 in Summonings
  1235 | D:2      | Reached skill level 1 in Necromancy
  1235 | D:2      | Reached skill level 1 in Translocations
  1235 | D:2      | Reached skill level 1 in Transmutations
  1235 | D:2      | Reached skill level 1 in Fire Magic
  1235 | D:2      | Reached skill level 1 in Ice Magic
  1235 | D:2      | Reached skill level 1 in Air Magic
  1235 | D:2      | Reached skill level 1 in Earth Magic
  1235 | D:2      | Reached skill level 1 in Poison Magic
  1975 | D:3      | Found a sparkling altar of Nemelex Xobeh.
  2003 | D:3      | Noticed Terence
  2015 | D:3      | Killed Terence
  2016 | D:3      | Reached XP level 5. HP: 47/47 MP: 7/7
  2033 | D:3      | Found a glowing golden altar of the Shining One.
  2092 | D:3      | Found a radiant altar of Vehumet.
  2104 | D:3      | Noticed a centaur
  2119 | D:3      | Killed a centaur
  2120 | D:3      | Reached XP level 6. HP: 46/53 MP: 8/8
  2186 | D:3      | Noticed Robin
  2226 | D:2      | Killed Robin
  2317 | D:3      | Found a bloodstained altar of Trog.
  2317 | D:3      | Noticed an eye of draining
  2317 | D:3      | Noticed an eye of draining
  2357 | D:3      | Killed an eye of draining
  2358 | D:3      | Reached skill level 5 in Long Blades
  2367 | D:3      | Noticed an eye of draining
  2384 | D:3      | Killed an eye of draining
  2385 | D:3      | Reached XP level 7. HP: 59/59 MP: 0/10
  2613 | D:3      | Noticed Ijyb
  2631 | D:3      | Killed Ijyb
  3215 | D:4      | Found a broken altar of Ashenzari.
  3359 | D:4      | Found a glowing golden altar of the Shining One.
  3382 | D:4      | Found a staircase to the Ecumenical Temple.
  3408 | Temple   | Entered the Ecumenical Temple
  3568 | D:4      | Found a burning altar of Makhleb.
  3568 | D:4      | Found an iron altar of Okawaru.
  3757 | D:5      | Entered Level 5 of the Dungeon
  3770 | D:5      | Noticed a two-headed ogre
  4095 | D:5      | Found a glowing drain.
  4099 | Sewer    | Entered a sewer
  4180 | Sewer    | Reached XP level 8. HP: 67/67 MP: 12/12
  4779 | D:5      | Killed a two-headed ogre
  4780 | D:5      | Reached XP level 9. HP: 43/72 MP: 7/14
  4944 | D:5      | Found a blossoming altar of Fedhas.
  5317 | D:5      | Found an opulent altar of Gozag.
  5346 | D:5      | Found a glowing silver altar of Zin.
  5730 | D:5      | Found a stormy altar of Qazlal.
  5822 | D:5      | Found Ximifo's Antique Armour Shoppe.
  5831 | D:5      | Bought a shiny helmet for 150 gold pieces
  5875 | D:5      | Found a shimmering blue altar of Sif Muna.
  5944 | D:5      | Became a worshipper of Gozag Ym Sagoz the Greedy
  6452 | D:6      | Noticed Edmund
  6511 | D:6      | Killed Edmund
  6905 | D:6      | Found a shadowy altar of Dithmenos.
  7025 | D:6      | Reached skill level 5 in Invocations
  7192 | D:6      | Found a runed translucent door.
  7193 | D:6      | Noticed Crazy Yiuf
  7204 | D:6      | Killed Crazy Yiuf
  7385 | D:6      | Found a broken altar of Ashenzari.
  7614 | D:7      | Found Enaret's Assorted Antiques.
  7617 | D:7      | Bought a black potion for 28 gold pieces
  7617 | D:7      | Bought a glowing scarf for 256 gold pieces
  7617 | D:7      | Bought a scroll labelled ZERIOBBOTT for 32 gold pieces
  7631 | D:7      | Reached XP level 10. HP: 78/80 MP: 17/17
  7667 | D:7      | HP: 2/80 [killer bee (3)]
  8118 | D:7      | Noticed Prince Ribbit
  8132 | D:7      | Reached skill level 5 in Short Blades
  8132 | D:7      | Reached skill level 5 in Axes
  8132 | D:7      | Reached skill level 5 in Maces & Flails
  8132 | D:7      | Reached skill level 5 in Polearms
  8132 | D:7      | Reached skill level 5 in Staves
  8132 | D:7      | Reached skill level 5 in Slings
  8132 | D:7      | Reached skill level 5 in Bows
  8132 | D:7      | Reached skill level 5 in Crossbows
  8132 | D:7      | Reached skill level 5 in Throwing
  8132 | D:7      | Reached skill level 5 in Dodging
  8132 | D:7      | Reached skill level 5 in Stealth
  8132 | D:7      | Reached skill level 5 in Unarmed Combat
  8132 | D:7      | Reached skill level 5 in Spellcasting
  8132 | D:7      | Reached skill level 5 in Evocations
  8149 | D:7      | Killed Prince Ribbit
  8335 | D:7      | Found a basalt altar of Yredelemnul.
  8370 | D:7      | Bought 3 scrolls labelled ZERIOBBOTT for 96 gold pieces
  9532 | D:8      | Found a snail-covered altar of Cheibriados.
 10354 | D:9      | Got a polished flail
 10355 | D:9      | Identified the +7 flail of Attainder {vorpal, rF++ rN+}
                  | (You found it on level 9 of the Dungeon)
 10944 | D:9      | Found a white marble altar of Elyvilon.
 11254 | D:10     | Entered Level 10 of the Dungeon
 11300 | D:10     | Found a staircase to the Lair.
 11306 | D:10     | Noticed an oklob plant
 11690 | D:10     | Found a staircase to the Orcish Mines.
 11796 | D:10     | Reached XP level 11. HP: 87/87 MP: 19/19
 11964 | D:10     | Found a portal to a secret trove of treasure.
 12039 | D:10     | Got a translucent flail
 12040 | D:10     | Identified the +6 flail of Resourcefulness {vorpal, Int+4}
                  | (You found it on level 10 of the Dungeon)
 12867 | D:10     | Killed an oklob plant
 12868 | D:10     | Reached skill level 5 in Conjurations
 12868 | D:10     | Reached skill level 5 in Hexes
 12868 | D:10     | Reached skill level 5 in Summonings
 12868 | D:10     | Reached skill level 5 in Necromancy
 12868 | D:10     | Reached skill level 5 in Translocations
 12868 | D:10     | Reached skill level 5 in Transmutations
 12868 | D:10     | Reached skill level 5 in Fire Magic
 12868 | D:10     | Reached skill level 5 in Ice Magic
 12868 | D:10     | Reached skill level 5 in Air Magic
 12868 | D:10     | Reached skill level 5 in Earth Magic
 12868 | D:10     | Reached skill level 5 in Poison Magic
 13017 | D:11     | Noticed a red ugly thing
 13034 | D:11     | Killed a red ugly thing
 13061 | D:11     | Got a buzzing chain mail
 13107 | D:11     | Identified the +3 chain mail of Buel Jot {Stlth+} (You
                  | found it on level 11 of the Dungeon)
 13132 | D:11     | Noticed a two-headed ogre
 13142 | D:11     | Killed a two-headed ogre
 13164 | D:11     | Noticed a boulder beetle
 14044 | D:11     | Killed a boulder beetle
 14476 | D:11     | Found an opulent altar of Gozag.
 14504 | D:11     | Noticed Psyche
 14511 | D:11     | Killed Psyche
 15018 | D:12     | Noticed a two-headed ogre
 15024 | D:12     | Killed a two-headed ogre
 15024 | D:12     | Noticed Snorg
 15025 | D:12     | Reached XP level 12. HP: 92/96 MP: 22/22
 15301 | D:11     | Killed Snorg
 16269 | D:12     | Learned a level 2 spell: Blink
 16275 | D:12     | Bought a pair of bloodstained boots for 370 gold pieces
 16275 | D:12     | Identified the +0 pair of boots of Patterns {rF- rN++} (You
                  | bought it in a shop on level 12 of the Dungeon)
 16276 | D:12     | Bought a pair of scorched boots for 370 gold pieces
 16276 | D:12     | Identified the +0 pair of boots of Brilliance {Int+3} (You
                  | bought it in a shop on level 12 of the Dungeon)
 17789 | D:12     | Mangled by a very large slime creature

Illustrated notes

Levels and vault maps discovered:
D:1:      dpeg_arrival_central, layout_rooms, serial_aquarium,
          aquarium_bridge_straight [aquarium_subvault_bridge,
          aquarium_subvault_wall, aquarium_subvault_bridge,
          aquarium_subvault_wall], aquarium_window_fake, aquarium_window_2,
          aquarium_window_corner, aquarium_view_2b, aquarium_balcony_1b
D:2:      minmay_diamond_boxcup, layout_loops_ring, kennysheep_cross_bottleneck,
          guppyfry_early_orc_mine
D:3:      kennysheep_goblin_castle, layout_basic, nemelex_altar_shiori,
          trog_eyes_of_draining, vehumet_crystals,
          hangedman_abyss_or_decor_lesser_grid, minmay_misc_feat_five,
          tso_metal_star, uniq_robin, uniq_terence
D:4:      layout_rooms, overflow_temple_1_default,
          gammafunk_temple_overflow_elements, minmay_temple_entry_grid,
          evilmike_ruin_ashenzari
D:5:      layout_loops_ring, pdpol_temple_overflow_zin_treasury_gozag_greed,
          lemuel_coloured_pillars_altar, led_sif_pool, fedhas_altar_3,
          gup_sewer_entry_spiral, serial_shops, shop
D:6:      nicolae_whirlpool, layout_basic, general_overflow_altar,
          hangedman_decor_push, nicolae_dithmenos_the_darkroom, uniq_edmund,
          uniq_crazy_yiuf_cottage
D:7:      layout_basic, old_standard_altar, serial_glass, glass_columns_b,
          glass_columns_b, glass_columns_b, glass_columns_b, glass_columns_c,
          glass_columns_b, serial_shops, kennysheep_mini_moat,
          lightli_orcish_oven, uniq_prince_ribbit1
D:8:      layout_gridville, old_standard_altar
D:9:      layout_loops_ring, chequers_garden, elyvilon_altar_4
D:10:     minmay_s_stair_smasher, layout_basic, dpeg_oklobed_lair,
          nicolae_trove_entry_crossroad
D:11:     layout_roguey, basic_altar, uniq_psyche
D:12:     layout_basic, serial_glass, glass_columns_b, glass_columns_c,
          glass_columns_c, glass_columns_a, glass_columns_c, glass_columns_b,
          lightli_wizard_tower, uniq_snorg
D:13:     layout_cave_pools, david_vaults_5, minmay_fractal_squares_5
Temple:   corrupted_temple

Skill      XL: |  1  2  3  4  5  6  7  8  9 10 11 12 |
---------------+-------------------------------------+-----
Invocations    | 1 2 3 4 5 6 7 8 |  8.1
Short Blades   | 1 2 3 4 5 6 7 |  7.4
Axes           | 1 2 3 4 5 6 7 |  7.4
Maces & Flails | 1 2 3 4 5 6 7 |  7.4
Polearms       | 1 2 3 4 5 6 7 |  7.4
Staves         | 1 2 3 4 5 6 7 |  7.4
Slings         | 1 2 3 4 5 6 7 |  7.4
Bows           | 1 2 3 4 5 6 7 |  7.4
Crossbows      | 1 2 3 4 5 6 7 |  7.4
Throwing       | 1 2 3 4 5 6 7 |  7.4
Dodging        | 1 2 3 4 5 6 7 |  7.4
Stealth        | 1 2 3 4 5 6 7 |  7.4
Unarmed Combat | 1 2 3 4 5 6 7 |  7.4
Spellcasting   | 1 2 3 4 5 6 7 |  7.4
Evocations     | 1 2 3 4 5 6 7 |  7.4
Conjurations   | 1 2 3 4 5 6 |  6.1
Hexes          | 1 2 3 4 5 6 |  6.1
Summonings     | 1 2 3 4 5 6 |  6.1
Necromancy     | 1 2 3 4 5 6 |  6.1
Translocations | 1 2 3 4 5 6 |  6.1
Transmutations | 1 2 3 4 5 6 |  6.1
Fire Magic     | 1 2 3 4 5 6 |  6.1
Ice Magic      | 1 2 3 4 5 6 |  6.1
Air Magic      | 1 2 3 4 5 6 |  6.1
Earth Magic    | 1 2 3 4 5 6 |  6.1
Poison Magic   | 1 2 3 4 5 6 |  6.1
Long Blades    | 5 6 7 8 |  8.8
Fighting       | 7 8 9 |  9.9
Armour         | 7 8 9 |  9.9
Shields        | 7 8 9 |  9.9

Action                   |  1- 3 |  4- 6 |  7- 9 | 10-12 || total
-------------------------+-------+-------+-------+-------++-------
Melee: Long sword        |    99 |   155 |   423 |   225 ||   902
       Bite              |    11 |    26 |    61 |   145 ||   243
       Flail             |       |       |       |   561 ||   561
Throw: Javelin           |       |       |     9 |     1 ||    10
       Dart              |       |       |    16 |    25 ||    41
Invok: Call Merchant     |       |       |       |     1 ||     1
Evoke: Wand              |       |       |     1 |    20 ||    21
  Use: Scroll            |       |       |    13 |    15 ||    28
       Potion            |       |       |     2 |     6 ||     8
 Stab: Sleeping          |       |       |     1 |     1 ||     2
       Paralysed         |       |       |       |     3 ||     3
       Invisible         |       |       |       |     2 ||     2
       Distracted        |       |       |       |     3 ||     3
Armor: Scale mail        |    47 |    46 |   166 |       ||   259
       Chain mail        |       |       |    37 |   318 ||   355
       Plate armour      |       |       |       |    93 ||    93
Dodge: Dodged            |    29 |    44 |   229 |   370 ||   672
Block: Kite shield       |    46 |    89 |   352 |   548 ||  1035
       Rpst.: Long sword |     7 |    14 |    68 |    34 ||   123
